 Dungeon Crawl Stone Soup version 0.22-a0-605-g9281fa2 (webtiles) character file.

7 Amnesiac the Magician (level 1, -3/12 HPs)
             Began as a Deep Elf Transmuter on July 8, 2018.
             Slain by a kobold
             ... wielding a +2 whip of freezing
              (6 damage)
             ... on level 3 of the Dungeon.
             The game lasted 00:00:46 (627 turns).

Amnesiac the Magician (Deep Elf Transmuter)          Turns: 627, Time: 00:00:47

Health: -3/12      AC:  2    Str:  7    XL:     1   Next: 91%
Magic:  5/6        EV: 13    Int: 17    God:
Gold:   46         SH:  0    Dex: 15    Spells: 5/6 levels left

rFire    . . .     SeeInvis .     - Unarmed
rCold    . . .     Gourm    .   (no shield)
rNeg     . . .     Faith    .   b - +0 robe
rPois    .         Spirit   .   (no helmet)
rElec    .         Reflect  .   (no cloak)
rCorr    .         Harm     .   (no gloves)
MR       .....                  (boots currently unavailable)
Stlth    +.........             (no amulet)
HPRegen  0.04/turn              (no ring)
MPRegen  0.10/turn              (no ring)

@: lethally poisoned (-3 -> -9), appendage
A: talons 3
a: End Transformation


You were on level 3 of the Dungeon.
You were not hungry.
You had grown temporary talons.
You visited 1 branch of the dungeon, and saw 3 of its levels.

You collected 46 gold pieces.

Inventory:

Missiles
 a - 12 arrows
Armour
 b - a +0 robe (worn)
Scrolls
 g - a scroll of identify {!r, unknown}
Potions
 c - a potion of flight {!q, unknown}
 e - a potion of mutation {!q, unknown}
 h - a potion of brilliance {!q, unknown}
Comestibles
 d - 2 rations
 f - 2 chunks of flesh


   Skills:
 - Level 1.0 Fighting
 - Level 2.4 Dodging
 - Level 2.4 Unarmed Combat
 - Level 3.0 Spellcasting
 + Level 2.9 Transmutations


You had 5 spell levels left.
You knew the following spells:

 Your Spells              Type           Power        Failure   Level  Hunger
e - Beastly Appendage     Tmut           ##....       5%          1    None

Your spell library contained the following spells:

 Spells                   Type           Power        Failure   Level  Hunger
 Spider Form              Tmut/Pois      #.........   28%         3    ###....
 Blade Hands              Tmut           ##........   83%         5    ######.
 Ice Form                 Ice/Tmut       #.......     67%         4    ####...
 Sticks to Snakes         Tmut           ##......     9%          2    ##.....


Dungeon Overview and Level Annotations

Branches:
Dungeon (3/15)

Altars:


Innate Abilities, Weirdness & Mutations

You have claws for feet.


Message History

Okay, then.
You hit the frilled lizard but do no damage.
The frilled lizard bites you.
You hit the frilled lizard.
You kill the frilled lizard!
You see here a frilled lizard corpse.
Your transformation is almost over.
There isn't anything here!
You see here a frilled lizard corpse.
You butcher the frilled lizard corpse.
f - 4 chunks of flesh (gained 1)
You see here a frilled lizard skeleton.
There is a stone staircase leading down here.
Adjust (i)tems, (s)pells, or (a)bilities?
Adjust which spell? a - Beastly Appendage Adjust to which letter? e - Beastly Appendage You climb downwards.
There is a stone staircase leading up here.
Your talons disappear.
HP restored.
Some of the chunks of flesh in your inventory have rotted away.
A rat comes into view.
A rat is nearby!
Casting: Beastly Appendage (safe; 5% risk of failure)
Confirm with . or Enter, or press ? or * to list all spells.
You grow a pair of large bovine horns.
Found 8 gold pieces.
The rat closely misses you.
You hit the rat.
The rat is heavily wounded.
You closely miss the rat.
You kill the rat!
No target in view!
No target in view!
Magic restored.
You now have 46 gold pieces (gained 8).
Your transformation is almost over.
Your horns disappear.
A kobold comes into view. It is wielding a whip of freezing.
A kobold is nearby!
Casting: Beastly Appendage (safe; 5% risk of failure)
Confirm with . or Enter, or press ? or * to list all spells.
Your feet morph into talons.
The kobold shouts!
The kobold unwields an uncursed whip of freezing.
The kobold wields a blowgun.
The kobold shoots a poisoned needle.
The poisoned needle hits you!
You are poisoned.
You feel sick.
The kobold unwields an uncursed blowgun.
The kobold wields an uncursed whip of freezing.
It glows with a cold blue light!
The kobold hits you with an uncursed whip of freezing!
Ouch! That really hurt!
* * * LOW HITPOINT WARNING * * *
The kobold freezes you.
* * * LOW HITPOINT WARNING * * *
Unknown command.
You hit the kobold but do no damage.
The kobold hits you with an uncursed whip of freezing.
Ouch! That really hurt!
You die...

#.#.# #.#.#
#.#.#########
#.#........<#
#.###########
#.......#
#######.# #.#
#@# #K# #.#
#.# #.# #.#
... #.#


You could see a kobold.

Vanquished Creatures
  A dart slug (D:1)
  A hobgoblin (D:1)
  A bat (D:1)
  2 frilled lizards
  2 rats
7 creatures vanquished.

Notes
Turn   | Place    | Note
-------+----------+-------------------------------------------
     0 | D:1      | Amnesiac the Deep Elf Transmuter began the quest for the Orb.
     0 | D:1      | Reached XP level 1. HP: 11/11 MP: 6/6
    18 | D:1      | Reached skill level 1 in Fighting
   627 | D:3      | Slain by a kobold

Vault maps used:
D:1:      scummos_arrival_simple_fountains
D:2:      kiku_gazebo_pond_becter
D:3:      minmay_misc_feat_iff

Skill      XL: |  1 |
---------------+----+-----
Fighting       | 1 |  1.0
Dodging        | |  2.4
Unarmed Combat | |  2.4
Spellcasting   | |  3.0
Transmutations | |  2.9

Action                   || total
-------------------------++-------
Melee: Unarmed           ||    26
       Kick              ||     2
       Headbutt          ||     2
 Cast: Beastly Appendage ||     6
Armor: Robe              ||     5
Dodge: Dodged            ||    19

Table legend:
 A = Spawn XP
 B = Non-spawn XP
 C = Spawn XP percentage of total XP
 D = Spawn monster count
 E = Non-spawn monster count
 F = Spawn count percentage of total count
 G = Total turns spent on level
                    A         B        C        D         E        F      G
               +---------+---------+-------+---------+---------+-------+---------
         Total |       0 |      11 |   0.0 |       0 |       7 |   0.0 |   627
               +---------+---------+-------+---------+---------+-------+---------
           D:1 |       0 |       9 |   0.0 |       0 |       5 |   0.0 |   552
           D:2 |       0 |       1 |   0.0 |       0 |       1 |   0.0 |    18
           D:3 |       0 |       1 |   0.0 |       0 |       1 |   0.0 |    57
               +---------+---------+-------+---------+---------+-------+---------
